ANAHEIM Ducks vs EDMONTON Oilers

Created - 23 février 2024 at 14:29

Goals
1 2 3 T
ANAHEIM Ducks 1 0 1 2
EDMONTON Oilers 1 3 1 5
Shots
1 2 3 T
ANAHEIM Ducks 17 5 9 31
EDMONTON Oilers 6 17 8 31

1st period

1. EDMONTON Oilers , Drake Batherson 4 (Owen Tippett 6, Moritz Seider 11) at 11:57
2. ANAHEIM Ducks , Nick Paul 7 (Seth Jones 10, Chandler Stephenson 12) at 19:53 (PP)

Penalties :
Joel Farabee (ANA) for High sticking (Minor) at 1:59, Alexander Romanov (EDM) for Hooking (Minor) at 4:15, Seth Jones (ANA) for Slashing (Minor) at 8:12, Tucker Poolman (EDM) for Holding (Minor) at 19:41

2nd period

3. EDMONTON Oilers , T.J. Oshie 6 (Kyle Palmieri 4, Will Butcher 8) at 13:34
4. EDMONTON Oilers , Dylan Cozens 8 (Drake Batherson 3, Tucker Poolman 3) at 15:38
5. EDMONTON Oilers , Drake Batherson 5 (Kent Johnson 2, Tucker Poolman 4) at 17:47 (PP)

Penalties :
Brett Pesce (ANA) for High sticking (Minor) at 3:21, T.J. Oshie (EDM) for Slashing (Minor) at 7:02, Ryan Lindgren (ANA) for Cross-checking (Minor) at 9:21, Joel Farabee (ANA) for Roughing (Minor) at 17:24, Dylan Cozens (EDM) for Hooking (Minor) at 19:26

3rd period

6. EDMONTON Oilers , Drake Batherson 6 (Alexander Romanov 8, Moritz Seider 12) at 5:39
7. ANAHEIM Ducks , Joel Farabee 3 (MacKenzie Weegar 13, David Kampf 1) at 18:24

Penalties :
MacKenzie Weegar (ANA) for Hooking (Minor) at 9:43, Moritz Seider (EDM) for Roughing (Minor) at 13:44

Goalie Stats

Philipp Grubauer (ANA), 19 saves from 23 shots - (0,826), L, 10-8-0, 37:47 minutes
Brian Elliott (ANA), 7 saves from 8 shots - (0,875), 22:13 minutes
Adin Hill (EDM), 29 saves from 31 shots - (0,935), W, 6-13-1, 60:00 minutes

Players Stats for ANAHEIM Ducks

Player Name              G  A  P  +/- PIM S  H  SB GA TA FO     MP     PP MP  PK MP  
------------------------------------------------------------------------------------
Brayden Point            0  0  0  -2  0   6  1  0  0  0  1/1    19:17   4:52   0:00 
Brett Pesce              0  0  0  -1  2   3  2  2  0  0  0/0    24:19   3:34   4:44 
Chandler Stephenson      0  1  1  -1  0   3  1  0  0  0  5/7    20:45   3:16   3:38 
David Kampf              0  1  1   0  0   2  1  0  0  0  9/13   12:36   0:00   6:20 
Derick Brassard          0  0  0   0  0   0  0  0  0  0  0/0     7:02   0:00   0:00 
Elias Lindholm           0  0  0  -1  0   3  0  0  0  0  20/38  25:12   4:52   6:29 
Jeff Carter              0  0  0  -2  0   1  1  0  0  0  9/14   18:12   3:16   0:31 
Joel Farabee             1  0  1   0  4   2  1  0  0  0  0/0     6:14   0:00   0:00 
Justin Holl              0  0  0   0  0   1  0  1  0  0  0/0    15:53   0:27   5:28 
MacKenzie Weegar         0  1  1  -1  2   3  3  0  0  0  0/0    24:09   5:04   3:04 
Mark Giordano            0  0  0  -2  0   2  0  1  0  0  0/0    19:21   3:04   0:43 
Nathan MacKinnon         0  0  0  -1  0   1  3  0  0  0  0/0    18:43   4:52   0:00 
Nic Dowd                 0  0  0   0  0   0  2  1  0  0  3/9    10:40   0:00   3:38 
Nick Paul                1  0  1  -2  0   4  4  0  0  0  0/1    17:41   3:16   0:00 
Patrick Maroon           0  0  0   0  0   0  3  0  0  0  0/0     7:02   0:00   0:00 
Ryan Lindgren            0  0  0   0  2   0  0  0  0  0  0/0    14:01   0:00   4:04 
Seth Jones               0  1  1  -2  2   0  1  1  0  0  0/0    22:13   4:07   2:33 
Warren Foegele           0  0  0   0  0   0  0  0  0  0  0/1     6:16   0:00   0:00 

Players Stats for EDMONTON Oilers

Player Name              G  A  P  +/- PIM S  H  SB GA TA FO     MP     PP MP  PK MP  
------------------------------------------------------------------------------------
Alex Wennberg            0  0  0   1  0   3  1  0  0  0  13/22  19:47   4:40   5:03 
Alexander Romanov        0  1  1   2  2   1  2  3  0  0  0/0    25:11   5:08   3:24 
Denis Gurianov           0  0  0   0  0   1  0  1  0  0  0/1     9:41   0:00   1:11 
Drake Batherson          3  1  4   2  0   4  0  0  0  0  2/2    20:15   5:38   0:00 
Dylan Cozens             1  0  1   2  2   5  2  0  0  0  8/18   20:43   4:40   1:27 
Kent Johnson             0  1  1   0  0   1  1  1  0  0  2/9    14:08   5:38   0:00 
Kyle Palmieri            0  1  1   1  0   2  1  1  0  0  0/1    17:36   5:38   1:54 
Leo Komarov              0  0  0   0  0   0  0  0  0  0  3/7     8:36   0:00   0:13 
Michal Kempny            0  0  0   1  0   0  0  0  0  0  0/0    11:50   0:00   1:28 
Milan Lucic              0  0  0   0  0   2  0  2  0  0  0/0     8:23   0:00   0:00 
Moritz Seider            0  2  2   2  2   4  2  4  0  0  0/0    25:56   5:08   4:09 
Nico Sturm               0  0  0   0  0   1  1  0  0  0  5/13    8:30   0:00   0:00 
Nicolas Aube-Kubel       0  0  0   0  0   1  1  0  0  0  1/1     8:23   0:00   0:00 
Nikita Zaitsev           0  0  0   0  0   1  3  2  0  0  0/0    23:04   5:10   3:22 
Owen Tippett             0  1  1   2  0   4  0  0  0  0  3/10   23:53   4:40   4:36 
T.J. Oshie               1  0  1   1  2   1  3  0  0  0  0/0    11:55   0:00   1:52 
Tucker Poolman           0  2  2   0  2   0  0  0  0  0  0/0    20:01   5:10   0:20 
Will Butcher             0  1  1   1  0   0  2  1  0  0  0/0    13:55   0:00   3:33 

3 Stars

1 - Drake Batherson (EDM)
2 - Moritz Seider (EDM)
3 - Dylan Cozens (EDM)

Power Play

ANAHEIM Ducks - 1 on 5 Attempt(s) - 20,00%
EDMONTON Oilers - 1 on 6 Attempt(s) - 16,67%

Penalty Kill

ANAHEIM Ducks - 5 on 6 Attempt(s) - 83,33% - Score 0 goal in Penalty Kill
EDMONTON Oilers - 4 on 5 Attempt(s) - 80,00% - Score 0 goal in Penalty Kill

Team Stat

ANAHEIM Ducks - Hits : 23 - Faceoff Wins : 47 - Blocked Shots : 6 - Penalty Minutes : 12
EDMONTON Oilers - Hits : 19 - Faceoff Wins : 37 - Blocked Shots : 15 - Penalty Minutes : 10

Official

Referees : Phillip Brooks and Katie Guay
Linesman : Julia Kainberger and Nikoleta Celarova

Game Notes

Brian Elliott enters game at 17:47 of 2nd period
Drake Batherson has scored a Hat Trick!

Finance

Level 1 -- Attendance: 5265 (87,75%) -- Ticket Income $526,500
Level 2 -- Attendance: 5000 (100,00%) -- Ticket Income $275,000
Level 3 -- Attendance: 2706 (54,12%) -- Ticket Income $81,180
Level 4 -- Attendance: 4124 (82,48%) -- Ticket Income $74,232
Luxury Box -- Attendance: 944 (94,40%) -- Ticket Income $169,920
Game was played at the Rexall Place.
Total Attendance: 18039 (82,00%)
Total Ticket Income: $1,126,832
Other Income: $281,708
Total Income: $1,408,540

ANAHEIM Ducks

5 vs 5 Forward 
   Center                   Left Wing                Right Wing               Time % Phy DF OF 
 1 Elias Lindholm           Chandler Stephenson      Nathan MacKinnon         35     0   2  3  
 2 Jeff Carter              Nick Paul                Brayden Point            35     0   2  3  
 3 David Kampf              Joel Farabee             Warren Foegele           20     1   2  2  
 4 Nic Dowd                 Derick Brassard          Patrick Maroon           10     1   3  1  

5 vs 5 Defense 
   Defense                  Defense                                           Time % Phy DF OF 
 1 Brett Pesce              MacKenzie Weegar                                  40     1   2  2  
 2 Mark Giordano            Seth Jones                                        35     1   2  2  
 3 Justin Holl              Ryan Lindgren                                     20     2   2  1  
 4 Brett Pesce              MacKenzie Weegar                                  5      2   2  1  

PowerPlay Forward 
   Center                   Left Wing                Right Wing               Time % Phy DF OF 
 1 Elias Lindholm           Brayden Point            Nathan MacKinnon         60     0   1  4  
 2 Chandler Stephenson      Nick Paul                Jeff Carter              40     0   1  4  

PowerPlay Defense
   Defense                  Defense                                           Time % Phy DF OF 
 1 Seth Jones               MacKenzie Weegar                                  60     0   1  4  
 2 Mark Giordano            Brett Pesce                                       40     0   1  4  

Penalty Kill 4 Players Forward 
   Center                   Wing                     Time % Phy DF OF 
 1 Elias Lindholm           David Kampf              60     1   3  1  
 2 Chandler Stephenson      Nic Dowd                 40     1   3  1  

Penalty Kill 4 Players Defense
   Defense                  Defense                  Time % Phy DF OF 
 1 Brett Pesce              Ryan Lindgren            60     1   3  1  
 2 MacKenzie Weegar         Justin Holl              40     1   3  1  

Penalty Kill - 3 Players Forward 
   Forward                                           Time % Phy DF OF 
 1 Elias Lindholm                                    60     1   4  0  
 2 Chandler Stephenson                               40     1   4  0  

Penalty Kill - 3 Players Defense
   Defense                  Defense                  Time % Phy DF OF 
 1 Brett Pesce              Ryan Lindgren            60     1   4  0  
 2 MacKenzie Weegar         Justin Holl              40     1   4  0  

4 vs 4 Forward 
   Center                   Wing                     Time % Phy DF OF 
 1 Elias Lindholm           Nathan MacKinnon         60     1   2  2  
 2 Chandler Stephenson      Brayden Point            40     1   2  2  

4 vs 4 Defense
   Defense                  Defense                  Time % Phy DF OF 
 1 MacKenzie Weegar         Brett Pesce              60     1   2  2  
 2 Mark Giordano            Seth Jones               40     1   2  2  

Last Minutes Offensive
   Center                   Left Wing                Right Wing               Defense                  Defense                  
   Elias Lindholm           Brayden Point            Nathan MacKinnon         Seth Jones               MacKenzie Weegar         

Last Minutes Defensive
   Center                   Left Wing                Right Wing               Defense                  Defense                  
   Elias Lindholm           Chandler Stephenson      David Kampf              Ryan Lindgren            Brett Pesce              

Goaltenders
Starting : Philipp Grubauer         
Backup : Brian Elliott            

Extra Forwards
Normal : Jeff Carter, Nick Paul, Joel Farabee - PP : Jeff Carter, Nick Paul - PK : Jeff Carter
Extra Defensemen
Normal : Brett Pesce, Justin Holl, Ryan Lindgren - PP : Brett Pesce - PK : Brett Pesce, Justin Holl
Penalty Shots
Nathan MacKinnon, Brayden Point, Elias Lindholm, Chandler Stephenson, Nick Paul

Scratches
None

EDMONTON Oilers

5 vs 5 Forward 
   Center                   Left Wing                Right Wing               Time % Phy DF OF 
 1 Dylan Cozens             Owen Tippett             Drake Batherson          35     1   1  3  
 2 Alex Wennberg            Kyle Palmieri            T.J. Oshie               28     1   1  3  
 3 Nico Sturm               Kent Johnson             Denis Gurianov           20     1   2  2  
 4 Leo Komarov              Milan Lucic              Nicolas Aube-Kubel       17     5   0  0  

5 vs 5 Defense 
   Defense                  Defense                                           Time % Phy DF OF 
 1 Moritz Seider            Alexander Romanov                                 46     1   2  2  
 2 Nikita Zaitsev           Tucker Poolman                                    34     1   2  2  
 3 Will Butcher             Michal Kempny                                     20     1   2  2  
 4 Moritz Seider            Alexander Romanov                                 0      1   2  2  

PowerPlay Forward 
   Center                   Left Wing                Right Wing               Time % Phy DF OF 
 1 Alex Wennberg            Dylan Cozens             Owen Tippett             60     1   2  2  
 2 Kent Johnson             Kyle Palmieri            Drake Batherson          40     1   2  2  

PowerPlay Defense
   Defense                  Defense                                           Time % Phy DF OF 
 1 Moritz Seider            Alexander Romanov                                 60     1   2  2  
 2 Nikita Zaitsev           Tucker Poolman                                    40     1   2  2  

Penalty Kill 4 Players Forward 
   Center                   Wing                     Time % Phy DF OF 
 1 Owen Tippett             Alex Wennberg            60     1   2  2  
 2 Dylan Cozens             Kyle Palmieri            40     1   2  2  

Penalty Kill 4 Players Defense
   Defense                  Defense                  Time % Phy DF OF 
 1 Moritz Seider            Alexander Romanov        60     1   2  2  
 2 Nikita Zaitsev           Will Butcher             40     1   2  2  

Penalty Kill - 3 Players Forward 
   Forward                                           Time % Phy DF OF 
 1 Owen Tippett                                      60     1   2  2  
 2 Alex Wennberg                                     40     1   2  2  

Penalty Kill - 3 Players Defense
   Defense                  Defense                  Time % Phy DF OF 
 1 Moritz Seider            Alexander Romanov        60     1   2  2  
 2 Nikita Zaitsev           Will Butcher             40     1   2  2  

4 vs 4 Forward 
   Center                   Wing                     Time % Phy DF OF 
 1 Owen Tippett             Alex Wennberg            60     1   2  2  
 2 Dylan Cozens             Kyle Palmieri            40     1   2  2  

4 vs 4 Defense
   Defense                  Defense                  Time % Phy DF OF 
 1 Moritz Seider            Alexander Romanov        60     1   2  2  
 2 Nikita Zaitsev           Tucker Poolman           40     1   2  2  

Last Minutes Offensive
   Center                   Left Wing                Right Wing               Defense                  Defense                  
   Alex Wennberg            Dylan Cozens             Owen Tippett             Moritz Seider            Alexander Romanov        

Last Minutes Defensive
   Center                   Left Wing                Right Wing               Defense                  Defense                  
   Alex Wennberg            Dylan Cozens             Owen Tippett             Moritz Seider            Alexander Romanov        

Goaltenders
Starting : Adin Hill                
Backup : Mikko Koskinen           

Extra Forwards
Normal : Alex Wennberg, Drake Batherson, T.J. Oshie - PP : Dylan Cozens, Kent Johnson - PK : T.J. Oshie
Extra Defensemen
Normal : Tucker Poolman, Will Butcher, Nikita Zaitsev - PP : Tucker Poolman - PK : Will Butcher, Nikita Zaitsev
Penalty Shots
Owen Tippett, Alex Wennberg, Dylan Cozens, Kyle Palmieri, Drake Batherson

Scratches
James Neal (Healthy)

% Time on Ice - ANAHEIM Ducks

Lines # - Real PCT - Wanted PCT - Time Play
Normal Forward
1 - 33% - 35% - 13:51
2 - 35% - 35% - 14:25
3 - 15% - 20% - 6:16
4 - 17% - 10% - 7:02
Normal Defense
1 - 39% - 40% - 16:02
2 - 37% - 35% - 15:34
3 - 24% - 20% - 9:58
4 - 0% - 5% - 0:00
PP Forward
1 - 60% - 60% - 4:52
2 - 40% - 40% - 3:16
PP Defense
1 - 62% - 60% - 5:04
2 - 38% - 40% - 3:04
PK Forward
1 - 65% - 60% - 6:40
2 - 35% - 40% - 3:38
PK Defense
1 - 59% - 60% - 6:06
2 - 41% - 40% - 4:12
PK3 Forward
1 - 0% - 60%
2 - 0% - 40%
PK3 Defense
1 - 0% - 60%
2 - 0% - 40%
44 Forward
1 - 0% - 60%
2 - 0% - 40%
44 Defense
1 - 0% - 60%
2 - 0% - 40%
Last Minute Offensive  - 0:00
Last Minute Defensive  - 0:00
Total
Forward - 60:00
Defense - 60:00

% Time on Ice - EDMONTON Oilers

Lines # - Real PCT - Wanted PCT - Time Play
Normal Forward
1 - 35% - 35% - 14:37
2 - 24% - 28% - 10:04
3 - 20% - 20% - 8:30
4 - 20% - 17% - 8:23
Normal Defense
1 - 40% - 46% - 16:40
2 - 35% - 34% - 14:32
3 - 25% - 20% - 10:22
4 - 0% - 0% - 0:00
PP Forward
1 - 45% - 60% - 4:40
2 - 55% - 40% - 5:38
PP Defense
1 - 50% - 60% - 5:08
2 - 50% - 40% - 5:10
PK Forward
1 - 77% - 60% - 6:14
2 - 23% - 40% - 1:54
PK Defense
1 - 68% - 60% - 5:34
2 - 32% - 40% - 2:34
PK3 Forward
1 - 0% - 60%
2 - 0% - 40%
PK3 Defense
1 - 0% - 60%
2 - 0% - 40%
44 Forward
1 - 0% - 60%
2 - 0% - 40%
44 Defense
1 - 0% - 60%
2 - 0% - 40%
Last Minute Offensive  - 0:00
Last Minute Defensive  - 0:00
Total
Forward - 60:00
Defense - 60:00

Play-by-Play

1st period


0:01 of 1st period - Dylan Cozens wins face-off versus Elias Lindholm in neutral zone.
0:11 of 1st period - Off-side.
0:12 of 1st period - Alex Wennberg wins face-off versus Jeff Carter in neutral zone.
1:02 of 1st period - Icing by Nikita Zaitsev.
1:03 of 1st period - Elias Lindholm wins face-off versus Alex Wennberg in EDMONTON Oilers zone.
1:59 of 1st period - Minor Penalty to Joel Farabee for High sticking.
2:00 of 1st period - Elias Lindholm wins face-off versus Kent Johnson in ANAHEIM Ducks zone.
2:29 of 1st period - Icing by Moritz Seider.
2:30 of 1st period - Chandler Stephenson wins face-off versus Kent Johnson in EDMONTON Oilers zone.
2:30 of 1st period - Chandler Stephenson is hit by Moritz Seider.
2:34 of 1st period - Shot by Chandler Stephenson.
2:34 of 1st period - Shot Misses the Net.
3:02 of 1st period - Shot by Dylan Cozens.
3:02 of 1st period - Shot Misses the Net.
3:06 of 1st period - Shot by Dylan Cozens.
3:06 of 1st period - Stopped by Philipp Grubauer without a rebound.
3:07 of 1st period - Alex Wennberg wins face-off versus Chandler Stephenson in ANAHEIM Ducks zone.
3:08 of 1st period - Shot by Owen Tippett.
3:08 of 1st period - Shot Blocked by Justin Holl.
3:14 of 1st period - Nikita Zaitsev is hit by Chandler Stephenson and loses puck.
4:11 of 1st period - Shot by Brayden Point.
4:11 of 1st period - Stopped by Adin Hill with a rebound.
4:13 of 1st period - Shot by Brayden Point.
4:13 of 1st period - Stopped by Adin Hill without a rebound.
4:14 of 1st period - David Kampf wins face-off versus Nico Sturm in EDMONTON Oilers zone.
4:14 of 1st period - David Kampf is hit by Alexander Romanov.
4:15 of 1st period - Minor Penalty to Alexander Romanov for Hooking.
4:16 of 1st period - Elias Lindholm wins face-off versus Owen Tippett in EDMONTON Oilers zone.
4:29 of 1st period - Shot by Brayden Point.
4:29 of 1st period - Shot Misses the Net.
4:35 of 1st period - Shot by Mark Giordano.
4:35 of 1st period - Shot Blocked by Moritz Seider.
4:37 of 1st period - Shot by Brett Pesce.
4:37 of 1st period - Stopped by Adin Hill with a rebound.
4:39 of 1st period - Shot by Brayden Point.
4:39 of 1st period - Stopped by Adin Hill without a rebound.
4:40 of 1st period - Dylan Cozens wins face-off versus Chandler Stephenson in EDMONTON Oilers zone.
5:09 of 1st period - Shot by Jeff Carter.
5:09 of 1st period - Shot Misses the Net.
5:49 of 1st period - Shot by Brett Pesce.
5:49 of 1st period - Stopped by Adin Hill without a rebound.
5:50 of 1st period - Dylan Cozens wins face-off versus Elias Lindholm in EDMONTON Oilers zone.
5:50 of 1st period - Dylan Cozens is hit by Nathan MacKinnon.
6:25 of 1st period - Nicolas Aube-Kubel is hit by David Kampf and loses puck.
7:17 of 1st period - Shot by Kent Johnson.
7:17 of 1st period - Stopped by Philipp Grubauer without a rebound.
7:18 of 1st period - Jeff Carter wins face-off versus Dylan Cozens in ANAHEIM Ducks zone.
7:54 of 1st period - Shot by Nick Paul.
7:54 of 1st period - Shot Misses the Net.
7:56 of 1st period - Shot by Nick Paul.
7:56 of 1st period - Deflect By Brayden Point.
7:56 of 1st period - Stopped by Adin Hill without a rebound.
7:57 of 1st period - Nico Sturm wins face-off versus Elias Lindholm in EDMONTON Oilers zone.
7:57 of 1st period - Nico Sturm is hit by Nathan MacKinnon.
8:12 of 1st period - Minor Penalty to Seth Jones for Slashing.
8:13 of 1st period - Elias Lindholm wins face-off versus Alex Wennberg in ANAHEIM Ducks zone.
8:29 of 1st period - David Kampf is hit by Dylan Cozens and loses puck.
8:42 of 1st period - Shot by Tucker Poolman.
8:42 of 1st period - Shot Misses the Net.
9:24 of 1st period - Shot by Kyle Palmieri.
9:24 of 1st period - Stopped by Philipp Grubauer without a rebound.
9:25 of 1st period - Elias Lindholm wins face-off versus Kent Johnson in ANAHEIM Ducks zone.
10:12 of 1st period - Shot by Alex Wennberg.
10:12 of 1st period - Stopped by Philipp Grubauer without a rebound.
10:13 of 1st period - Leo Komarov wins face-off versus Jeff Carter in ANAHEIM Ducks zone.
10:29 of 1st period - Shot by Brayden Point.
10:29 of 1st period - Shot Misses the Net.
10:31 of 1st period - Shot by Jeff Carter.
10:31 of 1st period - Shot Blocked by Milan Lucic.
10:39 of 1st period - Shot by Nick Paul.
10:39 of 1st period - Deflect By Brayden Point.
10:39 of 1st period - Shot Misses the Net.
10:41 of 1st period - Shot by Brayden Point.
10:41 of 1st period - Deflect By Nick Paul.
10:41 of 1st period - Stopped by Adin Hill with a rebound.
10:51 of 1st period - Shot by Mark Giordano.
10:51 of 1st period - Shot Blocked by Milan Lucic.
10:58 of 1st period - Jeff Carter is hit by Will Butcher and loses puck.
11:13 of 1st period - Shot by Nic Dowd.
11:13 of 1st period - Shot Misses the Net.
11:15 of 1st period - Shot by MacKenzie Weegar.
11:15 of 1st period - Stopped by Adin Hill with a rebound.
11:17 of 1st period - Shot by MacKenzie Weegar.
11:17 of 1st period - Stopped by Adin Hill without a rebound.
11:18 of 1st period - Dylan Cozens wins face-off versus Elias Lindholm in EDMONTON Oilers zone.
11:43 of 1st period - Shot by Dylan Cozens.
11:43 of 1st period - Shot Misses the Net.
11:45 of 1st period - Shot by Moritz Seider.
11:45 of 1st period - Shot Misses the Net.
11:55 of 1st period - Shot by Drake Batherson.
11:55 of 1st period - Deflect By Owen Tippett.
11:55 of 1st period - Shot Misses the Net.
11:57 of 1st period - Shot by Drake Batherson.
11:57 of 1st period - Goal by Drake Batherson - ANAHEIM Ducks : 0 - EDMONTON Oilers : 1.
11:58 of 1st period - Alex Wennberg wins face-off versus Warren Foegele in neutral zone.
12:16 of 1st period - Warren Foegele is hit by Nikita Zaitsev and loses puck.
12:19 of 1st period - Shot by Joel Farabee.
12:19 of 1st period - Shot Blocked by Kyle Palmieri.
12:21 of 1st period - Shot by Justin Holl.
12:21 of 1st period - Shot Misses the Net.
12:23 of 1st period - Shot by David Kampf.
12:23 of 1st period - Stopped by Adin Hill without a rebound.
12:24 of 1st period - Jeff Carter wins face-off versus Nico Sturm in EDMONTON Oilers zone.
12:35 of 1st period - Nick Paul is hit by Kent Johnson and loses puck.
12:44 of 1st period - Shot by Brayden Point.
12:44 of 1st period - Stopped by Adin Hill with a rebound.
12:48 of 1st period - Shot by Brayden Point.
12:48 of 1st period - Shot Blocked by Denis Gurianov.
12:50 of 1st period - Shot by Nick Paul.
12:50 of 1st period - Stopped by Adin Hill with a rebound.
12:52 of 1st period - Shot by Seth Jones.
12:52 of 1st period - Shot Misses the Net.
12:54 of 1st period - Shot by Jeff Carter.
12:54 of 1st period - Shot Blocked by Moritz Seider.
12:56 of 1st period - Shot by Mark Giordano.
12:56 of 1st period - Stopped by Adin Hill without a rebound.
12:57 of 1st period - Dylan Cozens wins face-off versus Elias Lindholm in EDMONTON Oilers zone.
13:03 of 1st period - Off-side.
13:04 of 1st period - Elias Lindholm wins face-off versus Dylan Cozens in neutral zone.
13:06 of 1st period - Off-side.
13:07 of 1st period - Drake Batherson wins face-off versus Elias Lindholm in neutral zone.
14:18 of 1st period - Shot by Alex Wennberg.
14:18 of 1st period - Shot Misses the Net.
14:25 of 1st period - Brett Pesce is hit by Alexander Romanov and loses puck.
14:36 of 1st period - Jeff Carter is hit by T.J. Oshie and loses puck.
15:22 of 1st period - Icing by Will Butcher.
15:23 of 1st period - David Kampf wins face-off versus Nico Sturm in EDMONTON Oilers zone.
15:40 of 1st period - Shot by Joel Farabee.
15:40 of 1st period - Shot Misses the Net.
15:42 of 1st period - Shot by Ryan Lindgren.
15:42 of 1st period - Shot Blocked by Kent Johnson.
15:52 of 1st period - Shot by Joel Farabee.
15:52 of 1st period - Stopped by Adin Hill without a rebound.
15:53 of 1st period - Nic Dowd wins face-off versus Dylan Cozens in EDMONTON Oilers zone.
17:30 of 1st period - Shot by Elias Lindholm.
17:30 of 1st period - Stopped by Adin Hill with a rebound.
17:56 of 1st period - Shot by Nathan MacKinnon.
17:56 of 1st period - Stopped by Adin Hill without a rebound.
17:57 of 1st period - Jeff Carter wins face-off versus Leo Komarov in EDMONTON Oilers zone.
18:49 of 1st period - Off-side.
18:50 of 1st period - Dylan Cozens wins face-off versus Elias Lindholm in neutral zone.
19:23 of 1st period - Shot by Chandler Stephenson.
19:23 of 1st period - Shot Misses the Net.
19:29 of 1st period - Shot by Owen Tippett.
19:29 of 1st period - Stopped by Philipp Grubauer without a rebound.
19:30 of 1st period - David Kampf wins face-off versus Alex Wennberg in ANAHEIM Ducks zone.
19:30 of 1st period - David Kampf is hit by T.J. Oshie.
19:41 of 1st period - Minor Penalty to Tucker Poolman for Holding.
19:42 of 1st period - Chandler Stephenson wins face-off versus Owen Tippett in EDMONTON Oilers zone.
19:47 of 1st period - Shot by Chandler Stephenson.
19:47 of 1st period - Shot Misses the Net.
19:49 of 1st period - Shot by Seth Jones.
19:49 of 1st period - Shot Misses the Net.
19:51 of 1st period - Shot by Seth Jones.
19:51 of 1st period - Shot Blocked by Moritz Seider.
19:53 of 1st period - Shot by Nick Paul.
19:53 of 1st period - Goal by Nick Paul - ANAHEIM Ducks : 1 - EDMONTON Oilers : 1.
19:54 of 1st period - David Kampf wins face-off versus Nico Sturm in neutral zone.
Goals for this period are 1 for ANAHEIM Ducks vs 1 for EDMONTON Oilers.
Shots for this period are 17 for ANAHEIM Ducks vs 6 for EDMONTON Oilers.

2nd period


0:01 of 2nd period - Jeff Carter wins face-off versus Dylan Cozens in neutral zone.
0:04 of 2nd period - Alexander Romanov is hit by Nick Paul and loses puck.
0:19 of 2nd period - Shot by Dylan Cozens.
0:19 of 2nd period - Stopped by Philipp Grubauer without a rebound.
0:20 of 2nd period - Elias Lindholm wins face-off versus Alex Wennberg in ANAHEIM Ducks zone.
0:26 of 2nd period - Icing by Nathan MacKinnon.
0:27 of 2nd period - Elias Lindholm wins face-off versus Alex Wennberg in ANAHEIM Ducks zone.
1:11 of 2nd period - Shot by Chandler Stephenson.
1:11 of 2nd period - Stopped by Adin Hill with a rebound.
1:22 of 2nd period - Kyle Palmieri is hit by Nick Paul and loses puck.
1:53 of 2nd period - Shot by Drake Batherson.
1:53 of 2nd period - Stopped by Philipp Grubauer without a rebound.
1:54 of 2nd period - Nico Sturm wins face-off versus David Kampf in ANAHEIM Ducks zone.
2:01 of 2nd period - Shot by Denis Gurianov.
2:01 of 2nd period - Stopped by Philipp Grubauer without a rebound.
2:02 of 2nd period - David Kampf wins face-off versus Nico Sturm in ANAHEIM Ducks zone.
3:07 of 2nd period - Icing by Michal Kempny.
3:08 of 2nd period - Elias Lindholm wins face-off versus Dylan Cozens in EDMONTON Oilers zone.
3:09 of 2nd period - Shot by Nathan MacKinnon.
3:09 of 2nd period - Shot Misses the Net.
3:20 of 2nd period - Drake Batherson is hit by Brett Pesce and loses puck.
3:21 of 2nd period - Minor Penalty to Brett Pesce for High sticking.
3:22 of 2nd period - Alex Wennberg wins face-off versus Elias Lindholm in ANAHEIM Ducks zone.
3:41 of 2nd period - David Kampf is hit by Alex Wennberg and loses puck.
4:22 of 2nd period - Shot by Nikita Zaitsev.
4:22 of 2nd period - Stopped by Philipp Grubauer without a rebound.
4:23 of 2nd period - Elias Lindholm wins face-off versus Kent Johnson in ANAHEIM Ducks zone.
5:07 of 2nd period - Icing by Tucker Poolman.
5:08 of 2nd period - Drake Batherson wins face-off versus Elias Lindholm in EDMONTON Oilers zone.
5:46 of 2nd period - Shot by Nick Paul.
5:46 of 2nd period - Shot Misses the Net.
5:48 of 2nd period - Shot by Nick Paul.
5:48 of 2nd period - Stopped by Adin Hill without a rebound.
5:49 of 2nd period - Owen Tippett wins face-off versus Nic Dowd in EDMONTON Oilers zone.
5:49 of 2nd period - Owen Tippett is hit by Nic Dowd.
6:13 of 2nd period - Shot by Owen Tippett.
6:13 of 2nd period - Deflect By Dylan Cozens.
6:13 of 2nd period - Shot Blocked by Nic Dowd.
6:21 of 2nd period - Seth Jones is hit by Dylan Cozens and loses puck.
6:37 of 2nd period - Icing by Seth Jones.
6:38 of 2nd period - Alex Wennberg wins face-off versus Nic Dowd in ANAHEIM Ducks zone.
6:54 of 2nd period - Nic Dowd is hit by Kyle Palmieri and loses puck.
7:02 of 2nd period - Minor Penalty to T.J. Oshie for Slashing.
7:03 of 2nd period - Elias Lindholm wins face-off versus Owen Tippett in EDMONTON Oilers zone.
7:32 of 2nd period - Shot by Brayden Point.
7:32 of 2nd period - Stopped by Adin Hill without a rebound.
7:33 of 2nd period - Chandler Stephenson wins face-off versus Owen Tippett in EDMONTON Oilers zone.
8:13 of 2nd period - Dylan Cozens is hit by MacKenzie Weegar and loses puck.
8:56 of 2nd period - Shot by Nathan MacKinnon.
8:56 of 2nd period - Shot Misses the Net.
8:58 of 2nd period - Shot by Brayden Point.
8:58 of 2nd period - Shot Blocked by Alexander Romanov.
9:00 of 2nd period - Shot by Brett Pesce.
9:00 of 2nd period - Shot Misses the Net.
9:20 of 2nd period - Shot by Milan Lucic.
9:20 of 2nd period - Stopped by Philipp Grubauer without a rebound.
9:21 of 2nd period - Nico Sturm wins face-off versus Nic Dowd in ANAHEIM Ducks zone.
9:21 of 2nd period - Minor Penalty to Ryan Lindgren for Cross-checking.
9:22 of 2nd period - Kent Johnson wins face-off versus Elias Lindholm in ANAHEIM Ducks zone.
9:35 of 2nd period - Shot by Moritz Seider.
9:35 of 2nd period - Shot Blocked by Brett Pesce.
9:37 of 2nd period - Shot by Kyle Palmieri.
9:37 of 2nd period - Stopped by Philipp Grubauer without a rebound.
9:38 of 2nd period - Alex Wennberg wins face-off versus Elias Lindholm in ANAHEIM Ducks zone.
9:43 of 2nd period - Shot by Nikita Zaitsev.
9:43 of 2nd period - Shot Misses the Net.
10:20 of 2nd period - Shot by Dylan Cozens.
10:20 of 2nd period - Stopped by Philipp Grubauer with a rebound.
10:46 of 2nd period - Shot by Moritz Seider.
10:46 of 2nd period - Shot Blocked by Mark Giordano.
10:58 of 2nd period - Shot by Moritz Seider.
10:58 of 2nd period - Stopped by Philipp Grubauer without a rebound.
10:59 of 2nd period - Chandler Stephenson wins face-off versus Alex Wennberg in ANAHEIM Ducks zone.
11:20 of 2nd period - Shot by Alexander Romanov.
11:20 of 2nd period - Deflect By Owen Tippett.
11:20 of 2nd period - Shot Blocked by Seth Jones.
11:32 of 2nd period - Milan Lucic is hit by Nick Paul and loses puck.
11:40 of 2nd period - Nicolas Aube-Kubel is hit by Jeff Carter and loses puck.
11:49 of 2nd period - Shot by Milan Lucic.
11:49 of 2nd period - Stopped by Philipp Grubauer without a rebound.
11:50 of 2nd period - Nic Dowd wins face-off versus Denis Gurianov in ANAHEIM Ducks zone.
12:10 of 2nd period - Tucker Poolman is hit by Nic Dowd and loses puck.
12:18 of 2nd period - Icing by Nikita Zaitsev.
12:19 of 2nd period - Elias Lindholm wins face-off versus Nico Sturm in EDMONTON Oilers zone.
13:24 of 2nd period - Shot by Owen Tippett.
13:24 of 2nd period - Stopped by Philipp Grubauer without a rebound.
13:25 of 2nd period - Alex Wennberg wins face-off versus Jeff Carter in ANAHEIM Ducks zone.
13:34 of 2nd period - Shot by T.J. Oshie.
13:34 of 2nd period - Goal by T.J. Oshie - ANAHEIM Ducks : 1 - EDMONTON Oilers : 2.
13:35 of 2nd period - Alex Wennberg wins face-off versus David Kampf in neutral zone.
13:40 of 2nd period - Shot by Alex Wennberg.
13:40 of 2nd period - Stopped by Philipp Grubauer without a rebound.
13:41 of 2nd period - Jeff Carter wins face-off versus Alex Wennberg in ANAHEIM Ducks zone.
14:01 of 2nd period - Shot by Alex Wennberg.
14:01 of 2nd period - Shot Misses the Net.
14:20 of 2nd period - Shot by Nick Paul.
14:20 of 2nd period - Shot Blocked by Alexander Romanov.
14:22 of 2nd period - Shot by MacKenzie Weegar.
14:22 of 2nd period - Shot Misses the Net.
14:48 of 2nd period - Icing by Moritz Seider.
14:49 of 2nd period - Alex Wennberg wins face-off versus Elias Lindholm in EDMONTON Oilers zone.
15:06 of 2nd period - Shot by Dylan Cozens.
15:06 of 2nd period - Stopped by Philipp Grubauer without a rebound.
15:07 of 2nd period - David Kampf wins face-off versus Dylan Cozens in ANAHEIM Ducks zone.
15:38 of 2nd period - Shot by Dylan Cozens.
15:38 of 2nd period - Goal by Dylan Cozens - ANAHEIM Ducks : 1 - EDMONTON Oilers : 3.
15:39 of 2nd period - Nico Sturm wins face-off versus Elias Lindholm in neutral zone.
15:44 of 2nd period - Shot by Nico Sturm.
15:44 of 2nd period - Stopped by Philipp Grubauer without a rebound.
15:45 of 2nd period - Elias Lindholm wins face-off versus Nico Sturm in ANAHEIM Ducks zone.
15:45 of 2nd period - Elias Lindholm is hit by Nico Sturm.
16:14 of 2nd period - Shot by Elias Lindholm.
16:14 of 2nd period - Stopped by Adin Hill with a rebound.
16:26 of 2nd period - Shot by Chandler Stephenson.
16:26 of 2nd period - Stopped by Adin Hill without a rebound.
16:27 of 2nd period - Jeff Carter wins face-off versus Dylan Cozens in EDMONTON Oilers zone.
16:27 of 2nd period - Brayden Point is hit by Moritz Seider and loses puck.
16:36 of 2nd period - Shot by Dylan Cozens.
16:36 of 2nd period - Shot Misses the Net.
16:38 of 2nd period - Shot by Alexander Romanov.
16:38 of 2nd period - Stopped by Philipp Grubauer with a rebound.
17:24 of 2nd period - Minor Penalty to Joel Farabee for Roughing.
17:25 of 2nd period - Elias Lindholm wins face-off versus Kent Johnson in ANAHEIM Ducks zone.
17:31 of 2nd period - Icing by Nikita Zaitsev.
17:32 of 2nd period - Kent Johnson wins face-off versus David Kampf in EDMONTON Oilers zone.
17:47 of 2nd period - Shot by Drake Batherson.
17:47 of 2nd period - Goal by Drake Batherson - ANAHEIM Ducks : 1 - EDMONTON Oilers : 4.
17:47 of 2nd period - Brian Elliott enters game.
17:48 of 2nd period - Leo Komarov wins face-off versus Nic Dowd in neutral zone.
17:51 of 2nd period - Patrick Maroon is hit by Nicolas Aube-Kubel and loses puck.
18:03 of 2nd period - Alexander Romanov is hit by Brett Pesce.
18:58 of 2nd period - Icing by Mark Giordano.
18:59 of 2nd period - Elias Lindholm wins face-off versus Owen Tippett in ANAHEIM Ducks zone.
19:03 of 2nd period - Off-side.
19:04 of 2nd period - Jeff Carter wins face-off versus Dylan Cozens in neutral zone.
19:09 of 2nd period - Shot by Brayden Point.
19:09 of 2nd period - Shot Misses the Net.
19:11 of 2nd period - Shot by Ryan Lindgren.
19:11 of 2nd period - Shot Misses the Net.
19:26 of 2nd period - Minor Penalty to Dylan Cozens for Hooking.
19:27 of 2nd period - Owen Tippett wins face-off versus Elias Lindholm in EDMONTON Oilers zone.
19:27 of 2nd period - Owen Tippett is hit by Brayden Point.
19:50 of 2nd period - Alex Wennberg is hit by MacKenzie Weegar and loses puck.
Goals for this period are 0 for ANAHEIM Ducks vs 3 for EDMONTON Oilers.
Shots for this period are 5 for ANAHEIM Ducks vs 17 for EDMONTON Oilers.

3rd period


0:01 of 3rd period - Elias Lindholm wins face-off versus Owen Tippett in neutral zone.
0:28 of 3rd period - Shot by Nathan MacKinnon.
0:28 of 3rd period - Shot Misses the Net.
1:39 of 3rd period - Off-side.
1:40 of 3rd period - Nic Dowd wins face-off versus Leo Komarov in neutral zone.
1:43 of 3rd period - Will Butcher is hit by Patrick Maroon and loses puck.
2:10 of 3rd period - Nicolas Aube-Kubel is hit by Patrick Maroon and loses puck.
2:59 of 3rd period - Shot by Elias Lindholm.
2:59 of 3rd period - Shot Misses the Net.
3:05 of 3rd period - Shot by Elias Lindholm.
3:05 of 3rd period - Shot Blocked by Nikita Zaitsev.
3:07 of 3rd period - Shot by Brett Pesce.
3:07 of 3rd period - Shot Misses the Net.
3:09 of 3rd period - Shot by Chandler Stephenson.
3:09 of 3rd period - Stopped by Adin Hill without a rebound.
3:10 of 3rd period - Jeff Carter wins face-off versus Dylan Cozens in EDMONTON Oilers zone.
4:12 of 3rd period - Icing by Brett Pesce.
4:13 of 3rd period - Alex Wennberg wins face-off versus Elias Lindholm in ANAHEIM Ducks zone.
4:41 of 3rd period - Icing by Brett Pesce.
4:42 of 3rd period - Elias Lindholm wins face-off versus Nico Sturm in ANAHEIM Ducks zone.
4:56 of 3rd period - Shot by Nathan MacKinnon.
4:56 of 3rd period - Shot Misses the Net.
4:58 of 3rd period - Shot by Brett Pesce.
4:58 of 3rd period - Stopped by Adin Hill without a rebound.
4:59 of 3rd period - David Kampf wins face-off versus Leo Komarov in EDMONTON Oilers zone.
5:06 of 3rd period - Shot by David Kampf.
5:06 of 3rd period - Stopped by Adin Hill without a rebound.
5:07 of 3rd period - Jeff Carter wins face-off versus Dylan Cozens in EDMONTON Oilers zone.
5:18 of 3rd period - Shot by Drake Batherson.
5:18 of 3rd period - Shot Misses the Net.
5:39 of 3rd period - Shot by Drake Batherson.
5:39 of 3rd period - Goal by Drake Batherson - ANAHEIM Ducks : 1 - EDMONTON Oilers : 5.
5:40 of 3rd period - Elias Lindholm wins face-off versus Alex Wennberg in neutral zone.
5:43 of 3rd period - Shot by Elias Lindholm.
5:43 of 3rd period - Stopped by Adin Hill with a rebound.
7:22 of 3rd period - Shot by Jeff Carter.
7:22 of 3rd period - Shot Misses the Net.
7:24 of 3rd period - Shot by Seth Jones.
7:24 of 3rd period - Shot Blocked by Alexander Romanov.
7:32 of 3rd period - Shot by Brayden Point.
7:32 of 3rd period - Shot Misses the Net.
7:34 of 3rd period - Shot by Nick Paul.
7:34 of 3rd period - Shot Blocked by Moritz Seider.
7:36 of 3rd period - Shot by Mark Giordano.
7:36 of 3rd period - Stopped by Adin Hill without a rebound.
7:37 of 3rd period - Dylan Cozens wins face-off versus David Kampf in EDMONTON Oilers zone.
7:37 of 3rd period - Dylan Cozens is hit by Joel Farabee.
8:05 of 3rd period - Shot by Owen Tippett.
8:05 of 3rd period - Stopped by Brian Elliott with a rebound.
8:07 of 3rd period - Shot by Owen Tippett.
8:07 of 3rd period - Shot Misses the Net.
8:15 of 3rd period - Shot by Owen Tippett.
8:15 of 3rd period - Stopped by Brian Elliott without a rebound.
8:16 of 3rd period - Brayden Point wins face-off versus Alex Wennberg in ANAHEIM Ducks zone.
8:18 of 3rd period - Icing by Mark Giordano.
8:19 of 3rd period - Alex Wennberg wins face-off versus Jeff Carter in ANAHEIM Ducks zone.
8:47 of 3rd period - Seth Jones is hit by T.J. Oshie and loses puck.
9:43 of 3rd period - Minor Penalty to MacKenzie Weegar for Hooking.
9:44 of 3rd period - Elias Lindholm wins face-off versus Kent Johnson in ANAHEIM Ducks zone.
9:59 of 3rd period - Shot by Moritz Seider.
9:59 of 3rd period - Stopped by Brian Elliott without a rebound.
10:00 of 3rd period - Alex Wennberg wins face-off versus Elias Lindholm in ANAHEIM Ducks zone.
10:01 of 3rd period - Shot by Dylan Cozens.
10:01 of 3rd period - Shot Blocked by Brett Pesce.
10:38 of 3rd period - Alex Wennberg is hit by Seth Jones.
10:59 of 3rd period - Shot by Moritz Seider.
10:59 of 3rd period - Shot Misses the Net.
11:01 of 3rd period - Shot by Drake Batherson.
11:01 of 3rd period - Shot Misses the Net.
11:03 of 3rd period - Shot by Moritz Seider.
11:03 of 3rd period - Stopped by Brian Elliott with a rebound.
11:05 of 3rd period - Shot by Moritz Seider.
11:05 of 3rd period - Stopped by Brian Elliott without a rebound.
11:06 of 3rd period - Chandler Stephenson wins face-off versus Kent Johnson in ANAHEIM Ducks zone.
11:14 of 3rd period - Icing by Moritz Seider.
11:15 of 3rd period - Elias Lindholm wins face-off versus Kyle Palmieri in EDMONTON Oilers zone.
11:18 of 3rd period - Shot by Brett Pesce.
11:18 of 3rd period - Shot Misses the Net.
11:48 of 3rd period - Shot by Milan Lucic.
11:48 of 3rd period - Shot Misses the Net.
11:50 of 3rd period - Shot by Nicolas Aube-Kubel.
11:50 of 3rd period - Stopped by Brian Elliott without a rebound.
11:51 of 3rd period - Nicolas Aube-Kubel wins face-off versus Nick Paul in ANAHEIM Ducks zone.
11:53 of 3rd period - Milan Lucic is hit by MacKenzie Weegar.
12:27 of 3rd period - Tucker Poolman is hit by Nick Paul.
12:53 of 3rd period - Icing by Derick Brassard.
12:54 of 3rd period - Dylan Cozens wins face-off versus Nic Dowd in ANAHEIM Ducks zone.
13:42 of 3rd period - Alexander Romanov is hit by Patrick Maroon and loses puck.
13:44 of 3rd period - Minor Penalty to Moritz Seider for Roughing.
13:45 of 3rd period - Owen Tippett wins face-off versus Elias Lindholm in EDMONTON Oilers zone.
13:45 of 3rd period - Owen Tippett is hit by Nathan MacKinnon.
13:57 of 3rd period - Shot by Brayden Point.
13:57 of 3rd period - Shot Blocked by Nikita Zaitsev.
13:59 of 3rd period - Shot by Brayden Point.
13:59 of 3rd period - Shot Misses the Net.
14:01 of 3rd period - Shot by Nathan MacKinnon.
14:01 of 3rd period - Shot Blocked by Will Butcher.
14:03 of 3rd period - Shot by MacKenzie Weegar.
14:03 of 3rd period - Stopped by Adin Hill with a rebound.
14:55 of 3rd period - Mark Giordano is hit by Will Butcher.
15:46 of 3rd period - Shot by Justin Holl.
15:46 of 3rd period - Stopped by Adin Hill without a rebound.
15:47 of 3rd period - David Kampf wins face-off versus Leo Komarov in EDMONTON Oilers zone.
16:01 of 3rd period - Icing by Moritz Seider.
16:02 of 3rd period - Leo Komarov wins face-off versus Nic Dowd in EDMONTON Oilers zone.
17:41 of 3rd period - Shot by Jeff Carter.
17:41 of 3rd period - Stopped by Adin Hill without a rebound.
17:42 of 3rd period - Alex Wennberg wins face-off versus Jeff Carter in EDMONTON Oilers zone.
18:03 of 3rd period - Shot by Alex Wennberg.
18:03 of 3rd period - Shot Misses the Net.
18:14 of 3rd period - Shot by T.J. Oshie.
18:14 of 3rd period - Deflect By Alex Wennberg.
18:14 of 3rd period - Stopped by Brian Elliott without a rebound.
18:15 of 3rd period - David Kampf wins face-off versus Owen Tippett in ANAHEIM Ducks zone.
18:24 of 3rd period - Shot by Joel Farabee.
18:24 of 3rd period - Goal by Joel Farabee - ANAHEIM Ducks : 2 - EDMONTON Oilers : 5.
18:25 of 3rd period - Nico Sturm wins face-off versus Elias Lindholm in neutral zone.
18:32 of 3rd period - Shot by Denis Gurianov.
18:32 of 3rd period - Shot Misses the Net.
18:43 of 3rd period - Elias Lindholm is hit by Nikita Zaitsev and loses puck.
18:49 of 3rd period - Nathan MacKinnon is hit by Nikita Zaitsev and loses puck.
18:52 of 3rd period - Shot by Chandler Stephenson.
18:52 of 3rd period - Shot Misses the Net.
18:54 of 3rd period - Shot by Brett Pesce.
18:54 of 3rd period - Shot Misses the Net.
Goals for this period are 1 for ANAHEIM Ducks vs 1 for EDMONTON Oilers.
Shots for this period are 9 for ANAHEIM Ducks vs 8 for EDMONTON Oilers. Output by the SimonT Hockey Simulator (STHS) for Martin Benoit - Original Page W3C HTML5 Valid
Hockey Simulator - Hockey Simulation - Hockey Manager